 Dungeon Crawl Stone Soup version 0.32-a0-876-gcfddb08e57 (webtiles) character file.

Game seed: 17169822392344001051

209 Lanoc the Slasher (level 5, -9/41 HPs)
             Began as a Coglin Gladiator on Apr 1, 2024.
             Was a Follower of Zin.
             Mangled by an ogre
             ... wielding a +0 giant club
              (26 damage)
             ... on level 3 of the Dungeon.
             The game lasted 00:04:39 (2334 turns).

Lanoc the Slasher (Coglin Gladiator)                Turns: 2334, Time: 00:04:39

Health: -9/41      AC:  4    Str: 14    XL:     5   Next: 87%
Magic:  5/5        EV: 12    Int:  8    God:    Zin [*.....]
Gold:   157        SH:  0    Dex: 17    Spells: 4/4 levels left

rFire   . . .        a - +0 long sword {Izel}
rCold   . . .        f - +0 dagger {Rabi}
rNeg    . . .        b - +0 leather armour
rPois   .            c - +0 helmet
rElec   .            (no cloak)
rCorr   .            (no gloves)
SInv    .            (no boots)
Will    .....        (amulet unavailable)
Stlth   +            (ring unavailable)
HPRegen 0.26/turn    (ring unavailable)
MPRegen 0.09/turn    (no gizmo)

%: no passive effects
@: lethally poisoned (-9 -> -13), revving
A: off-hand wielding, slow wielding, warmup strikes, no jewellery
a: Invent Gizmo, Renounce Religion, Recite, Donate Gold


You were on level 3 of the Dungeon.
You worshipped Zin.
Zin was aware of your devotion.
You visited 1 branch of the dungeon, and saw 4 of its levels.

You collected 174 gold pieces.
You donated 17 gold pieces to Zin.

Inventory:

Hand Weapons
 a - a +0 long sword (weapon) {Izel}
 f - a +0 dagger (offhand) {Rabi}
Missiles
 d - 3 throwing nets (quivered)
 e - a javelin
Armour
 b - a +0 leather armour (worn)
 c - a +0 helmet (worn)
Scrolls
 g - a scroll of immolation {unknown}
 h - 2 scrolls of amnesia {unknown}
 i - 2 scrolls of identify {unknown}
 k - a scroll of fog {unknown}
 m - a scroll of revelation {unknown}
 o - 2 scrolls of vulnerability {unknown}
 r - 2 scrolls of teleportation {unknown}
 t - a scroll of enchant armour {unknown}
 u - a scroll of torment {unknown}
Potions
 j - a potion of heal wounds {unknown}
 l - a potion of attraction {unknown}
 n - 2 potions of magic {unknown}
 p - 5 potions of haste {unknown}
 q - a potion of mutation {unknown}
 s - a potion of lignification {unknown}


   Skills:
 + Level 3.3 Fighting
 * Level 4.9 Long Blades
 - Level 1.7 Throwing
 + Level 3.6 Dodging


You had 4 spell levels left.
You didn't know any spells.
Your spell library contained the following spells:

 Spells                   Type           Power      Damage    Failure   Level
 Call Imp                 Summ           0%         N/A       63%         2
 Cigotuvi's Dreadful Rot  Necr/Alch/Air  0%         N/A       63%         2
 Mercury Vapours          Alch/Air       0%         N/A       63%         2
 Sublimation of Blood     Necr           0%         N/A       63%         2
 Mephitic Cloud           Conj/Alch/Air  0%         N/A       86%         3
 Volatile Blastmotes      Fire/Tloc      0%         2d10      86%         3
 Dispel Undead            Necr           0%         3d6       99%         4
 Fulminant Prism          Conj/Alch      0%         3d5       99%         4
 Iskenderun's Mystic Bla Conj/Tloc 0%             2d3        (+2d1     99%         4
 Martyr's Knell           Necr/Summ      0%         N/A       99%         4
 Freezing Cloud           Conj/Ice/Air   0%         6-21      100%        5
 Summon Hydra             Summ           0%         N/A       100%        7
 Chain Lightning          Conj/Air       0%         N/A       100%        9
 Fire Storm               Conj/Fire      0%         5d1       100%        9
 Shatter                  Erth           0%         3d5*      100%        9


Dungeon Overview and Level Annotations

Branches:
Dungeon (4/15)
 Temple: D:4-7

Altars:
Gozag
Zin


Innate Abilities, Weirdness & Mutations

You can wield a second weapon in your off-hand.
It takes a long time for you to wield or remove held weapons.
Your first few attacks do less damage.
You cannot equip rings or amulets.


Message History

You are frozen.
You hit the endoplasm with your +0 long sword.
You kill the endoplasm!
No target in view!
HP restored.
You pick up a book of Annihilations and begin reading...
You add the spells Chain Lightning, Fire Storm and Shatter to your library.
Found a stone.
Found a stone staircase leading up.
No target in view!
An ogre comes into view. It is wielding a +0 giant club.
Found a stone staircase leading down.
The ogre shouts!
You hear a shout!
A gnoll comes into view. It is wielding a +0 club.
Found a stone staircase leading down.
A gnoll comes into view. It is wielding a +0 whip.
You see here a scroll labelled WEQIMAIR HIT.
A gnoll comes into view. It is wielding a +0 spear.
Found a ring mail.
The gnoll shouts!
A gnoll and 2 kobolds come into view.
A kobold is wielding a +0 short sword and quivering poisoned darts.
A kobold is wielding a +0 dagger and quivering poisoned darts.
Found an amulet of guardian spirit.
The gnoll shouts! x2
There is a stone staircase leading up here.
The kobold throws a poisoned dart.
The poisoned dart hits you!
You are poisoned.
The ogre hits you with a +0 giant club!!
You climb upwards.
You feel very sick.
There is a stone staircase leading down here.
You hit the ogre but do no damage.
You slash the ogre with your +0 long sword!
You feel sick.
You slash the ogre with your +0 long sword!
The ogre is severely wounded.
You hit the ogre with your +0 dagger.
You feel sick.
The ogre hits you with a +0 giant club!!
Ouch! That really hurt!
You die...

#.#.#.# #.....####
#.....### ##........
#.......# ##.######
#.#.###.# #.#
#.#.....# #.#
#.#####.# ##'##
#.#####.# ##...##
#...O...# ##.....##
####@##.###.......##
##...#.##.........##
#.......'........)+[
##...#.##.........##
######.##.###.†.....##
#.........# ##..†..##
#.######..# ##...##
#.##......# ##'######
#.##.###.## #.#.....


You could see an ogre.

Vanquished Creatures
  A scorpion (D:4)
  6 adders
  A ribbon worm (D:3)
  4 dart slugs
  3 orcs (D:3)
  5 ball pythons
  3 bats
  4 endoplasms
  3 giant cockroaches
  8 goblins
  7 hobgoblins
  7 jackals
  8 quokkas
  5 frilled lizards
  6 kobolds
  3 rats
74 creatures vanquished.

Notes
Turn   | Place    | Note
-------+----------+-------------------------------------------
     0 | D:1      | Lanoc the Coglin Gladiator began the quest for the Orb.
     0 | D:1      | Reached XP level 1. HP: 16/16 MP: 1/1
    99 | D:1      | Reached XP level 2. HP: 22/22 MP: 2/2
   452 | D:1      | Reached XP level 3. HP: 28/28 MP: 3/3
  1156 | D:2      | Reached skill level 4 in Long Blades
  1191 | D:2      | Reached XP level 4. HP: 34/34 MP: 4/4
  1627 | D:3      | Found a glowing silver altar of Zin.
  1653 | D:3      | Became a worshipper of Zin the Law-Giver
  1653 | D:3      | Reached * piety under Zin
  1939 | D:3      | Reached XP level 5. HP: 37/40 MP: 5/5
  2257 | D:4      | Found an opulent altar of Gozag.
  2323 | D:4      | Noticed an ogre
  2334 | D:3      | Mangled by an ogre

Illustrated notes

Levels and vault maps discovered:
D:1:      noname_arrival_rooms_in_the_neighbourhood, layout_basic,
          chequers_serial_rivers_micro_b, minmay_misc_feat_nine_boxes
D:2:      layout_rooms
D:3:      layout_loops_corners, mainiacjoe_overflow_alcove_1
D:4:      layout_cave_pools, lemuel_crystal_altar

Skill      XL: |  1  2  3  4  5 |
---------------+----------------+-----
Dodging        | 3 |  3.6
Long Blades    | 4 |  4.9
Fighting       | 3 |  3.3
Throwing       | |  1.7

Action                     |  1- 3 |  4- 6 || total
---------------------------+-------+-------++-------
  Melee: Long sword        |    69 |    76 ||   145
         Dagger            |    66 |    64 ||   130
   Stab: Sleeping          |     3 |     2 ||     5
 Armour: Leather armour    |    41 |    28 ||    69
  Dodge: Dodged            |    41 |    52 ||    93

Table legend: (Time is in decaauts)
 A = Elapsed time spent in this place.
 B = Non-inter-level travel time spent in this place.
 C = Inter-level travel time spent in this place.
 D = Time resting spent in this place.
 E = Time spent auto-exploring this place.
 F = Levels seen in this place.
 G = Mean time per level.
                   A        B        C        D        E       F      G
               +--------+--------+--------+--------+--------+-----+--------+
         Total |   2343 |   2266 |     77 |      0 |   1840 |   4 |  585.8 |
       Dungeon |   2343 |   2266 |     77 |      0 |   1840 |   4 |  585.8 |
               +--------+--------+--------+--------+--------+-----+--------+

Top non-repeatable levels by time:
     D:3: 947 daAuts
     D:1: 848 daAuts
     D:2: 471 daAuts
     D:4: 75 daAuts
